 Dungeon Crawl Stone Soup version 0.21-a0-153-g78480df (webtiles) character file.

72254 Charly the Black Belt (level 15, -3/105 HPs)
             Began as a Centaur Transmuter on July 31, 2017.
             Was the Champion of Ashenzari.
             Succumbed to a black mamba's poison
             ... on level 4 of the Snake Pit on Aug 1, 2017.
             The game lasted 02:04:18 (9447 turns).

Charly the Black Belt (Centaur Transmuter)          Turns: 9447, Time: 02:04:19

Health: -3/105     AC: 14    Str: 12 (13) XL:     15   Next: 0%
Magic:  3/22       EV: 15    Int: 15      God:    Ashenzari [******]
Gold:   615        SH:  0    Dex: 15      Spells: 3/20 levels left

rFire    + . .     SeeInvis +     - Unarmed
rCold    . . .     Gourm    .   (shield currently unavailable)
rNeg     . . .     Faith    .   y - +2 troll leather armour (curse)
rPois    .         Spirit   +   w - +0 Maxwell's etheric cage {RegenMP+ *Contam rElec MP+4} (curse)
rElec    +         Reflect  .   b - +0 cloak (curse)
rCorr    .         Harm     .   (gloves currently unavailable)
MR       +....     Clarity  +   k - +1 centaur barding (curse) Stlth +.........Rnd*Tele +
                                r - amulet of guardian spirit (curse)
HPRegen  0.67/turn              j - ring of wizardry (curse)
MPRegen  0.18/turn              f - ring of protection from fire (curse)

@: lethally poisoned (-3 -> -28), blade hands, slowed
A: hooves 3, blink, clever 1, deformed body, deterioration 1[+1], speed 2,
[frail 2], low mp 1, sense surroundings 1, screaming 1[+2], teleportitis 1,
tough skin 3, wild magic 1, [subdued magic 2]
a: End Transformation, Blink, Curse Item, Scrying, Transfer Knowledge, Renounce
Religion


You were on level 4 of the Snake Pit.
You worshipped Ashenzari.
Ashenzari was exalted by your worship.
You were not hungry.
You had blades for hands.
You visited 6 branches of the dungeon, and saw 31 of its levels.
You visited the Abyss 1 time.

You collected 1485 gold pieces.
You spent 870 gold pieces at shops.

Inventory:

Hand Weapons
 a - the +6 falchion "Pefy" (melded) {slice, +Blink Int+2}
   (You found it on level 11 of the Dungeon)

   It inflicts extra damage upon your enemies.
   It affects your intelligence (+2).
   It lets you blink.
 C - the +7 war axe of Subterfuge {distort, rC+}
   (You found it on level 15 of the Dungeon)

   It warps and distorts space around it.
   Unwielding it can cause banishment or high damage.
   It protects you from cold.
Missiles
 q - 97 arrows
Armour
 b - a cursed +0 cloak (worn)
 k - a cursed +1 centaur barding (worn)
 v - the cursed +0 shield of Past Mistakes (melded) {MP+9 Str+6 Dex+3}
   (You found it on level 6 of the Dungeon)

   It affects your strength (+6).
   It affects your dexterity (+3).
   It affects your magic capacity (+9).
   It has a curse placed upon it.
 w - the cursed +0 Maxwell's etheric cage (worn) {RegenMP+ *Contam rElec MP+4}
   (You found it on level 6 of the Dungeon)

   It insulates you from electricity.
   It affects your magic capacity (+4).
   It causes magical contamination when unequipped.
   It has a curse placed upon it.
 y - a cursed +2 troll leather armour (worn)
 G - a cursed +2 pair of gloves of strength (melded)
Jewellery
 f - a cursed ring of protection from fire (right scythe-like blade)
 j - a cursed ring of wizardry (left scythe-like blade)
 n - an uncursed ring of positive energy
 r - a cursed amulet of guardian spirit (around neck)
 x - an uncursed ring of wizardry
 J - a +3 ring of dexterity
Wands
 h - a wand of digging (8/24)
 t - a wand of acid (2/15)
Scrolls
 c - a scroll of recharging
 e - 7 scrolls of magic mapping
 l - 5 scrolls of teleportation {tele}
 m - 4 scrolls of fear
 z - 4 scrolls of identify
 B - a scroll of immolation
 K - a scroll of remove curse
Potions
 g - a potion of agility
 i - 2 potions of curing
 o - 4 potions of flight
 p - 6 potions of might
 u - 2 potions of resistance
 D - 3 potions of brilliance
 E - 2 potions of magic
 F - a potion of invisibility
 H - a potion of cancellation
 I - a potion of berserk rage
Books
 L - a book of Geomancy

   Spells                             Type                      Level
   a - Sandblast                      Earth                        1
   b - Passwall                       Transmutation/Earth          2
   c - Stone Arrow                    Conjuration/Earth            3
   d - Petrify                        Transmutation/Earth          4
   e - Lee's Rapid Deconstruction     Earth                        5
Comestibles
 d - 6 bread rations
 s - 6 meat rations


   Skills:
 + Level 11.8 Fighting
   Level 3.4 Polearms
 + Level 8.6(13.0) Dodging
 - Level 5.2(8.2) Shields
 + Level 17.0 Unarmed Combat
 - Level 3.4 Spellcasting
 - Level 8.4(12.8) Transmutations


You had 3 spell levels left.
You knew the following spells:

 Your Spells              Type           Power        Failure   Level  Hunger
a - Apportation           Tloc           #.....       30%         1    None
b - Blink                 Tloc           N/A          38%         2    ##.....
h - Blade Hands           Tmut           ####......   11%         5    ######.
s - Sticks to Snakes      Tmut           ####....     3%          2    ##.....
I - Ice Form              Ice/Tmut       ###.....     26%         4    ####...
S - Spider Form           Tmut/Pois      ###.......   12%         3    ###....


Dungeon Overview and Level Annotations

Branches:
Dungeon (15/15)            Temple (0/1) D:7            Lair (6/6) D:8
 Shoals (1/4) Lair:4        Snake (4/4) Lair:3        Slime (0/5) Lair:6
    Orc (2/2) D:10            Elf (3/3) Orc:2        Vaults (0/5) D:14
 Depths: D:15

Altars:
Ashenzari
Dithmenos
Elyvilon
Kikubaaqudgha
Nemelex Xobeh
Ru
Vehumet
Wu Jian
Xom

Shops:
Orc:2 %?*?

Annotations:
D:10 Urug; stickyfingers's ghost, journeyman GnAK
Snake:4 Charly's ghost, journeyman VSAs; Louise


Innate Abilities, Weirdness & Mutations

You have hooves in place of feet.
Armour fits poorly on your strangely shaped body.
You cover ground very quickly.
You have extremely tough skin. (AC +3)
You can translocate small distances at will.
Your mind is acute. (Int +2)
Your magical capacity is low. (-10% MP)
You passively map a small area around you.
You are occasionally teleported next to monsters.
Your spells are a little harder to cast, but a little more powerful.
[Your body often deteriorates upon taking damage.]
[You are very frail. (-20% HP)]
[You frequently scream uncontrollably at your foes.]
[Your spells are easier to cast, but less powerful.]


Message History

The black mamba barely misses you.
You feel much better. The black mamba completely misses you.
The black mamba bites you!
* * * LOW HITPOINT WARNING * * *
Your body deteriorates!
You feel weakened.
You are poisoned.
The black mamba poisons you! The black mamba bites you!
* * * LOW HITPOINT WARNING * * *
Charly's ghost mumbles some strange words.
The black mamba bites you but does no damage.
The black mamba bites you.
* * * LOW HITPOINT WARNING * * *
You are lethally poisoned!
The black mamba poisons you!
The naga hits you from afar with a trident!
* * * LOW HITPOINT WARNING * * *
Unknown command.
Okay, then.
You blink.
You feel slightly more hungry.
A naga comes into view. It is wielding a glaive.
You die...

####.N
.......[...........#
.N.N..,,
.....$..bbb........# ,
......,,
.........bNW.......#*,
N..... ,
...........S§S..?..# ,
....#
*#########.bbb...#...,
, ....# #b.b.b..##,, ,
, ...###
**########......##*,
,,, ......,
,........N....## *,,
,, , ......
.......@.....# ,, ,,
###### .............#
, ,, ###..........# *
, , * #............# ,
, , ** #.............#
* , , ,, ,
..............# , , ,,
,, ,,..............#
*,, , , * *
*.....N........# *, ,,
, *,, ,, ,,,* *,, ,, ,


You could see 2 black mambas, 3 nagas and Charly's ghost.

Vanquished Creatures
  A tentacled monstrosity (Abyss:2)
  A tentacled starspawn (Abyss:2)
  An orc warlord (Orc:2)
  A black draconian (Abyss:2)
  The ghost of scotch the Spear-Bearer, a journeyman OpFi of Cheibriados (Lair:4)
  2 hydras (Lair:6)
  A centaur warrior (D:14)
  4 two-headed ogres
  A dancing weapon (Elf:1)
  11 death yaks
  A titan zombie (Abyss:2)
  5 orc high priests (Orc:2)
  A shock serpent (Snake:4)
  10 spriggans (Lair:6)
  A sixfirhy (Abyss:2)
  3 unseen horrors
  A death drake (Abyss:2)
  A naga ritualist (Snake:2)
  Pikel (D:7)
  A harpy (shapeshifter) (Abyss:2)
  An ugly thing (D:11)
  3 mana vipers (Snake:2)
  4 orc knights (Orc:2)
  A cyclops (D:15)
  A wolf spider (D:14)
  5 deep elf magi
  3 salamanders
  Joseph (Lair:1)
  4 manticores
  A guardian serpent (Lair:3)
  6 black mambas
  2 centaur zombies
  3 spiny frogs (Lair:6)
  2 naga magi
  An orange demon (Abyss:2)
  2 centaur skeletons
  A torpor snail (Lair:6)
  An efreet (D:14)
  A rime drake (Lair:6)
  3 ancient zymes (Abyss:2)
  7 komodo dragons
  4 trolls
  A jumping spider (shapeshifter) (D:10)
  4 polar bears (Lair:6)
  A queen bee (Lair:2)
  5 hornets
  A wind drake (shapeshifter) (D:14)
  10 blink frogs
  2 raiju (Abyss:2)
  2 snapping turtles
  A flying skull (Abyss:2)
  7 hippogriffs
  A wyvern (Lair:6)
  2 large abominations (Abyss:2)
  4 shadows
  A water elemental (Shoals:1)
  25 yaks
  A vampire (Abyss:2)
  A yak (shapeshifter) (D:15)
  A ynoxinul (Abyss:2)
  A wraith (D:13)
  A basilisk (Lair:4)
  A chaos spawn (Abyss:2)
  A neqoxec (Abyss:2)
  A vampire mosquito (D:15)
  2 nagas (Snake:1)
  An acid dragon (D:11)
  3 wargs (Orc:1)
  3 porcupines
  5 water moccasins
  33 orc warriors
  A swamp drake (D:10)
  A slave (D:7)
  3 sky beasts
  4 black bears
  An ice beast (D:11)
  A hornet zombie (D:10)
  4 boggarts (Lair:6)
  8 ogres
  21 wolves
  3 centaurs
  5 crocodiles
  3 bullfrogs
  A gnoll sergeant (D:10)
  2 wyvern skeletons
  2 scorpions
  A water moccasin skeleton (D:10)
  31 killer bees
  An electric eel (Lair:4)
  5 howler monkeys
  2 wights (D:8)
  A crimson imp (D:10)
  A quasit (Abyss:2)
  A bullfrog zombie (D:12)
  4 hounds
  27 orc priests
  6 jellies
  13 orc wizards
  6 worker ants
  6 gnolls
  5 adders
  An ufetubus (Abyss:2)
  An adder skeleton (D:6)
  2 leopard geckos
  85 orcs
  A giant cockroach (D:3)
  3 goblins
  2 hobgoblins
  2 jackals (D:5)
  2 quokkas
  7 bats
  A frilled lizard (D:3)
  3 kobolds
  A leopard gecko skeleton (D:4)
  3 rats
  A fungus (Lair:6)
  A starspawn tentacle (Abyss:2)
514 creatures vanquished.

Vanquished Creatures (collateral kills)
  2 worms (D:3)
  4 orcs
  A goblin (D:3)
  2 hobgoblins
  A rat (D:2)
10 creatures vanquished.

Vanquished Creatures (others)
  A fungus (Lair:6)
  A plant (Lair:6)
  3 starspawn tentacles (Abyss:2)
5 creatures vanquished.

Grand Total: 529 creatures vanquished

Notes
Turn   | Place    | Note
-------+----------+-------------------------------------------
     0 | D:1      | Charly the Centaur Transmuter began the quest for the Orb.
     0 | D:1      | Reached XP level 1. HP: 16/16 MP: 3/3
    75 | D:2      | Reached XP level 2. HP: 4/23 MP: 2/4
    97 | D:1      | Learned a level 2 spell: Sticks to Snakes
   165 | D:2      | WIZ
   168 | D:2      | Found a white marble altar of Elyvilon.
   197 | D:2      | BARD
   291 | D:2      | Reached skill level 4 in Unarmed Combat
   452 | D:3      | Found a shattered altar of Ashenzari.
   460 | D:3      | Became a worshipper of Ashenzari the Shackled
   477 | D:3      | Reached XP level 3. HP: 7/28 MP: 2/5
   640 | D:3      | HP: 1/28 [hobgoblin/club (8)]
   839 | D:4      | Reached * piety under Ashenzari
   872 | D:5      | Entered Level 5 of the Dungeon
  1015 | D:5      | Reached XP level 4. HP: 32/36 MP: 3/6
  1026 | D:5      | Learned a level 3 spell: Spider Form
  1200 | D:6      | Found a radiant altar of Vehumet.
  1220 | D:6      | Reached skill level 5 in Unarmed Combat
  1229 | D:6      | Noticed an ogre
  1237 | D:6      | Killed an ogre
  1237 | D:6      | Reached XP level 5. HP: 43/45 MP: 2/7
  1248 | D:6      | Reached XP level 6. HP: 31/51 MP: 0/8
  1271 | D:6      | Reached skill level 6 in Unarmed Combat
  1282 | D:6      | Noticed a sky beast
  1322 | D:6      | Got the cursed shield of Past Mistakes {MP+9 Str+6 Dex+3}
  1335 | D:6      | Killed a sky beast
  1338 | D:6      | Gained mutation: [You are frail. (-10% HP)] [mutagenic meat]
  1339 | D:6      | Gained mutation: You are partially covered in molten scales. (AC +2) [mutagenic meat]
  1340 | D:6      | Lost mutation: [You are frail. (-10% HP)] [mutagenic meat]
  1341 | D:6      | Gained mutation: Scrolls take you a little longer to read. [mutagenic meat]
  1347 | D:6      | Identified the cursed +0 shield of Past Mistakes {MP+9 Str+6 Dex+3} (You found it on level 6 of the Dungeon)
  1377 | D:6      | Found an ancient bone altar of Kikubaaqudgha.
  1386 | D:6      | Got the spear "Meikh" {flame, *Drain +Fly rN+ Stlth+}
  1398 | D:6      | Identified the +6 spear "Meikh" {flame, *Drain +Fly rN+ Stlth+} (You found it on level 6 of the Dungeon)
  1484 | D:6      | Reached skill level 1 in Polearms
  1562 | D:7      | Found a staircase to the Ecumenical Temple.
  1580 | D:7      | Noticed a hippogriff
  1599 | D:7      | Killed a hippogriff
  1599 | D:7      | Reached XP level 7. HP: 37/57 MP: 9/9
  1664 | D:7      | Found a shimmering altar of Xom.
  1697 | D:7      | Noticed Pikel
  1743 | D:7      | Killed Pikel
  1743 | D:7      | Reached skill level 5 in Polearms
  1743 | D:7      | Reached XP level 8. HP: 25/67 MP: 10/10
  1788 | D:9      | Reached skill level 5 in Fighting
  1821 | D:10     | Entered Level 10 of the Dungeon
  1821 | D:10     | Noticed a troll
  1873 | D:10     | Killed a troll
  1873 | D:10     | Reached skill level 1 in Shields
  2040 | D:10     | Noticed a komodo dragon
  2057 | D:10     | Killed an unseen horror
  2057 | D:10     | Reached skill level 8 in Unarmed Combat
  2057 | D:10     | Reached XP level 9. HP: 27/75 MP: 11/11
  2060 | D:10     | a komodo dragon changed into a hippogriff
  2080 | D:10     | Noticed a jumping spider
  2080 | D:10     | a hippogriff changed into a jumping spider
  2085 | D:10     | Killed a jumping spider
  2099 | D:10     | Reached skill level 9 in Unarmed Combat
  2337 | D:10     | Noticed stickyfingers's ghost (journeyman GnAK)
  2359 | D:10     | Reached skill level 10 in Unarmed Combat
  2467 | D:10     | Reached XP level 10. HP: 37/84 MP: 12/12
  2496 | D:10     | Noticed Urug
  2512 | D:12     | Noticed a manticore
  2519 | D:11     | Noticed a purple ugly thing
  2585 | D:11     | Killed a purple ugly thing
  2593 | D:11     | GUARD
  2639 | D:11     | Noticed a cyclops
  2735 | D:11     | Got the uncursed leather armour of Lupauruth {-Cast rPois rC- Dex+9}
  2746 | D:11     | Identified the +3 leather armour of Lupauruth {-Cast rPois rC- Dex+9} (You found it on level 11 of the Dungeon)
  2751 | D:11     | Got the falchion "Pefy" {slice, +Blink Int+2}
  2827 | D:11     | Found an ornate altar of the Wu Jian Council.
  2842 | D:12     | Reached ** piety under Ashenzari
  2890 | D:12     | Noticed a two-headed ogre
  2907 | D:12     | Killed a two-headed ogre
  2947 | D:12     | Reached skill level 11 in Unarmed Combat
  2976 | D:12     | Killed a manticore
  3142 | D:14     | Found a sparkling altar of Nemelex Xobeh.
  3187 | D:15     | Entered Level 15 of the Dungeon
  3193 | D:15     | Got the war axe of Subterfuge {distort, rC+}
  3215 | D:14     | Lost mutation: Scrolls take you a little longer to read. [potion of mutation]
  3215 | D:14     | Lost mutation: You are partially covered in molten scales. (AC +2) [potion of mutation]
  3215 | D:14     | Gained mutation: Your magical capacity is low. (-10% MP) [potion of mutation]
  3215 | D:14     | Gained mutation: You have a pair of small horns on your head. [potion of mutation]
  3215 | D:14     | Gained mutation: You passively map a small area around you. [potion of mutation]
  3216 | D:14     | :((((((((((((((
  3234 | D:14     | Noticed a centaur warrior
  3241 | D:14     | Killed a centaur warrior
  3241 | D:14     | Reached skill level 5 in Shields
  3272 | D:14     | Gained mutation: [You occasionally shout uncontrollably at your foes.] [mutagenic glow]
  3290 | D:14     | Reached XP level 11. HP: 82/94 MP: 12/12
  3293 | D:14     | Gained mutation: You can translocate small distances at will. [mutagenic meat]
  3294 | D:14     | Gained mutation: Your mind is acute. (Int +2) [mutagenic meat]
  3315 | D:14     | Learned a level 2 spell: Blink
  3405 | D:14     | Noticed a wolf spider
  3414 | D:14     | Killed a wolf spider
  3414 | D:14     | Reached skill level 12 in Unarmed Combat
  3450 | D:14     | Reached *** piety under Ashenzari
  3661 | D:13     | Noticed a tengu warrior
  3662 | D:13     | Noticed a tengu warrior
  3857 | D:15     | Found a sacrificial altar of Ru.
  3896 | D:15     | Noticed an unseen horror
  3902 | D:15     | Killed an unseen horror
  3962 | D:15     | Noticed a two-headed ogre
  3962 | D:15     | Noticed a two-headed ogre
  3965 | D:15     | Noticed a harpy
  3968 | D:15     | Noticed a two-headed ogre
  3968 | D:15     | Noticed a two-headed ogre
  3970 | D:15     | Noticed a two-headed ogre
  3970 | D:15     | Noticed an ogre mage
  4022 | D:15     | Killed a two-headed ogre
  4036 | D:15     | Killed a two-headed ogre
  4087 | D:15     | Killed a two-headed ogre
  4087 | D:15     | Reached skill level 13 in Unarmed Combat
  4212 | D:14     | Found a gate to the Vaults.
  4212 | D:14     | Noticed a vault guard
  4261 | D:12     | Noticed an unseen horror
  4281 | D:12     | Killed an unseen horror
  4296 | D:12     | Identified the +6 falchion "Pefy" {slice, +Blink Int+2} (You found it on level 11 of the Dungeon)
  4304 | D:12     | Learned a level 5 spell: Blade Hands
  4474 | D:10     | Reached skill level 10 in Fighting
  4618 | D:10     | Reached XP level 12. HP: 47/106 MP: 12/12
  4632 | D:10     | Gained mutation: You evolve. [mutagenic meat]
  4633 | D:10     | Gained mutation: Your spells are a little harder to cast, but a little more powerful. [mutagenic meat]
  4634 | D:10     | Gained mutation: You are occasionally teleported next to monsters. [mutagenic meat]
  4676 | D:10     | Found a staircase to the Orcish Mines.
  4694 | Orc:1    | Entered Level 1 of the Orcish Mines
  4832 | Orc:2    | Entered Level 2 of the Orcish Mines
  4832 | Orc:2    | Noticed an orc warlord
  4892 | Orc:2    | Found a staircase to the Elven Halls.
  5076 | Orc:2    | Killed an orc warlord
  5150 | Orc:2    | Lost mutation: You have a pair of small horns on your head. [evolution]
  5150 | Orc:2    | Lost mutation: You evolve. [end of evolution]
  5166 | Orc:2    | Reached **** piety under Ashenzari
  5264 | Orc:2    | Gained mutation: [Your body sometimes deteriorates upon taking damage.] [mutagenic glow]
  5523 | Orc:2    | Reached skill level 5 in Transmutations
  5612 | Orc:2    | Noticed an orc high priest
  5630 | Orc:2    | Killed an orc high priest
  5795 | Orc:2    | Noticed an orc high priest
  5811 | Orc:2    | Killed an orc high priest
  5819 | Orc:2    | Noticed an orc high priest
  5840 | Orc:2    | Killed an orc high priest
  5993 | Orc:2    | Noticed an orc high priest
  5996 | Orc:2    | Noticed an orc high priest
  6024 | Orc:2    | Killed an orc high priest
  6086 | Orc:2    | Killed an orc high priest
  6150 | Orc:2    | Found Xytattiest's Magic Scroll Boutique.
  6150 | Orc:2    | Found Vory's Assorted Antiques.
  6151 | Orc:2    | Found Virepiw's Magic Scroll Shop.
  6151 | Orc:2    | Found Pourchuw's Food Boutique.
  6162 | Orc:2    | Bought 2 potions of curing for 144 gold pieces
  6165 | Orc:2    | Bought a scroll of teleportation for 45 gold pieces
  6165 | Orc:2    | Bought a scroll of fear for 52 gold pieces
  6165 | Orc:2    | Bought a scroll of remove curse for 45 gold pieces
  6165 | Orc:2    | Bought a scroll of fear for 52 gold pieces
  6165 | Orc:2    | Bought a scroll of remove curse for 45 gold pieces
  6165 | Orc:2    | Bought a scroll of fear for 52 gold pieces
  6165 | Orc:2    | Bought a scroll of teleportation for 45 gold pieces
  6165 | Orc:2    | Bought a scroll of remove curse for 45 gold pieces
  6165 | Orc:2    | Bought a scroll of magic mapping for 52 gold pieces
  6165 | Orc:2    | Bought a scroll of enchant armour for 112 gold pieces
  6166 | Orc:2    | Bought a scroll of enchant armour for 97 gold pieces
  6166 | Orc:2    | Bought a scroll of teleportation for 39 gold pieces
  6166 | Orc:2    | Bought a scroll of fear for 45 gold pieces
  6285 | Elf:1    | Entered Level 1 of the Elven Halls
  6299 | Elf:1    | Reached XP level 13. HP: 108/114 MP: 16/16
  6345 | Elf:1    | Learned a level 4 spell: Ice Form
  6390 | Elf:3    | Entered Level 3 of the Elven Halls
  6390 | Elf:3    | Noticed a deep elf annihilator
  6584 | D:8      | Found a shadowy altar of Dithmenos.
  6631 | D:8      | Reached skill level 14 in Unarmed Combat
  6739 | D:8      | Found a staircase to the Lair.
  6894 | Lair:1   | Entered Level 1 of the Lair of Beasts
  7014 | Lair:3   | Reached ***** piety under Ashenzari
  7040 | Lair:3   | Reduced skill Polearms to level 5
  7040 | Lair:3   | Reached skill level 5 in Dodging
  7144 | Lair:6   | Entered Level 6 of the Lair of Beasts
  7150 | Lair:6   | Reached skill level 15 in Unarmed Combat
  7485 | Lair:6   | Reached XP level 14. HP: 32/122 MP: 11/17
  7494 | Lair:6   | Reached skill level 16 in Unarmed Combat
  7514 | Lair:6   | Learned a level 1 spell: Apportation
  7552 | Lair:6   | Found a staircase to the Slime Pits.
  7696 | Lair:6   | Paralysed by a hornet for 3 turns
  7971 | Lair:4   | Found a staircase to the Shoals.
  7984 | Shoals:1 | Entered Level 1 of the Shoals
  8093 | Lair:4   | Noticed scotch's ghost (journeyman OpFi)
  8109 | Lair:4   | Killed scotch's ghost
  8490 | Lair:1   | Noticed Joseph
  8498 | Lair:1   | Killed Joseph
  8519 | Lair:1   | You fall through a shaft!
  8546 | Lair:3   | Found a staircase to the Snake Pit.
  8572 | Snake:1  | Entered Level 1 of the Snake Pit
  8749 | Snake:4  | Entered Level 4 of the Snake Pit
  8836 | Snake:4  | Noticed Louise
  8845 | Snake:4  | Cast into level 2 of the Abyss (Louise)
  9061 | Abyss:2  | Noticed a tentacled starspawn
  9111 | Abyss:2  | Noticed a reaper
  9112 | Abyss:2  | Noticed a starcursed mass
  9113 | Abyss:2  | Noticed a starcursed mass
  9199 | Abyss:2  | Noticed a tentacled monstrosity
  9211 | Abyss:2  | Killed a tentacled monstrosity
  9272 | Abyss:2  | Noticed a starcursed mass
  9290 | Abyss:2  | Noticed a tentacled starspawn
  9333 | Abyss:2  | Reached skill level 17 in Unarmed Combat
  9333 | Abyss:2  | HP: 6/125 [tentacled starspawn (21)]
  9336 | Abyss:2  | Killed a tentacled starspawn
  9352 | Abyss:2  | Reached XP level 15. HP: 16/132 MP: 12/18
  9383 | Abyss:2  | Noticed a profane servitor
  9390 | Abyss:2  | Noticed a bone dragon
  9418 | Abyss:2  | Reached ****** piety under Ashenzari
  9432 | Snake:4  | Escaped the Abyss
  9437 | Snake:4  | Noticed Charly's ghost (journeyman VSAs)
  9439 | Snake:4  | HP: 5/105 [Charly's ghost (5)]
  9441 | Snake:4  | HP: 1/105 [poisoned by a black mamba]
  9447 | Snake:4  | Succumbed to a black mamba's poison

Vault maps used:
D:1:      mrwooster_arrival_statue_2, dk_noncrumbling_3
D:2:      elyvilon_altar_3, nicolae_tso_swordbearing_angel, first_bread
D:3:      ashenzari_altar_1, dancing_weapons_uskayaw
D:5:      uniq_eustachio
D:6:      overflow_temple_1_default, zin_angel, lemuel_crystal_altar,
          kennysheep_mini_moat
D:7:      xom_butterflies, minmay_temple_entry_trees, uniq_pikel
D:8:      nicolae_dithmenos_the_darkroom, dpeg_lair_monsters,
          blue_anna_alchemist
D:10:     hangedman_cross_stitches, erik_orc_1, uniq_urug
D:11:     basic_altar
D:13:     lemuel_nasty_fountain
D:14:     david_vaults_5, old_standard_altar, lemuel_flamethrower_1
D:15:     gammafunk_enter_depths_forms, hangedman_ru_absence, moated_statue
Lair:1:   infiniplex_staircase_pool_2, uniq_joseph
Lair:2:   infiniplex_staircase_pool
Lair:3:   minmay_snake_entry_spellcaster, serial_bayou_shore_a
Lair:4:   minmay_shoals_entry_hut
Lair:5:   serial_bayou_lake_a
Lair:6:   minmay_lair_end_enchanted_forest, slime_dummy, grunt_megastairs_2
Shoals:1: nicolae_shoals_kraken_intersection
Snake:2:  serial_shops, shop_fountains, nicolae_snake_round_shape_thing,
          lemuel_oklob_altar
Snake:3:  nicolae_snake_shapes, grunt_megastairs_4
Snake:4:  grunt_snake_rune_serpentine_throne, spider_trap, uniq_louise
Orc:2:    st_orc_pillars
Elf:1:    elf_arrival_001, minmay_elf_annihilation
Elf:2:    serial_shops, nicolae_shop_stone, kennysheep_underground_church
Elf:3:    minmay_elf_hall_quartered_circle
Abyss:3:  evilmike_abyss_exit_16, nicolae_abyss_rune_star_stuff, minivault_25,
          abyss_greek_temple

Skill      XL: |  1  2  3  4  5  6  7  8  9 10 11 12 13 14 |
---------------+-------------------------------------------+-----
Unarmed Combat | 4 5 6 8 10 11 13 15 17 | 17.0
Fighting       | 2 3 4 5 6 7 10 11 | 11.8
Polearms       | 3 5 6 3 |  3.4
Shields        | 2 3 5 |  5.2
Dodging        | 2 3 6 8 |  8.6
Transmutations | 8 |  8.4
Spellcasting   | 3 |  3.4

Action                   |  1- 3 |  4- 6 |  7- 9 | 10-12 | 13-15 || total
-------------------------+-------+-------+-------+-------+-------++-------
Melee: Unarmed           |    62 |     9 |       |   377 |   635 ||  1083
       Kick              |    10 |     5 |    26 |   215 |   115 ||   371
       Headbutt          |     2 |       |       |   101 |       ||   103
       Hand axe          |    13 |    12 |       |       |       ||    25
       Spear             |       |    12 |   190 |   296 |       ||   498
       Punch             |       |       |       |     8 |    25 ||    33
       Falchion          |       |       |       |     2 |       ||     2
Throw: Throwing net      |       |       |     1 |       |       ||     1
 Cast: Beastly Appendage |     4 |       |       |       |       ||     4
       Sticks to Snakes  |    16 |     2 |       |     2 |       ||    20
       Spider Form       |       |     3 |       |     3 |     1 ||     7
       Blade Hands       |       |       |       |    20 |    44 ||    64
       Ice Form          |       |       |       |       |     4 ||     4
       Apportation       |       |       |       |       |     2 ||     2
Invok: Curse Item        |       |     1 |       |     6 |     1 ||     8
       Scrying           |       |       |       |     2 |     1 ||     3
       Transfer Knowledg |       |       |       |       |     1 ||     1
 Abil: End Transformatio |       |       |       |       |     7 ||     7
       Blink             |       |       |       |       |     2 ||     2
Evoke: Wand              |     2 |     2 |    16 |    21 |    11 ||    52
  Use: Scroll            |     6 |     1 |     8 |    10 |    17 ||    42
       Potion            |       |       |     2 |     6 |     3 ||    11
 Stab: Sleeping          |       |       |     2 |     4 |     1 ||     7
       Confused          |       |       |     4 |    10 |       ||    14
       Invisible         |       |       |       |     2 |       ||     2
       Distracted        |       |       |       |     1 |       ||     1
  Eat: Fruit             |     1 |       |       |       |       ||     1
       Chunk             |       |     6 |     3 |    14 |     8 ||    31
       Bread ration      |       |       |       |     1 |       ||     1
       Royal jelly       |       |       |       |     1 |     5 ||     6
       Meat ration       |       |       |       |     1 |     2 ||     3
Armor: Robe              |    32 |     3 |    34 |     7 |       ||    76
       Leather armour    |       |       |       |    87 |       ||    87
       Troll leather arm |       |       |       |    44 |   153 ||   197
       Skin              |       |       |       |       |    29 ||    29
Dodge: Dodged            |    31 |    11 |    11 |   127 |   356 ||   536
Block: Shield            |       |     7 |    28 |   139 |    24 ||   198
       Rpst.: Falchion   |       |       |       |     1 |     1 ||     2
